 Dungeon Crawl Stone Soup version 0.23-a0-385-gb2d581486a (webtiles) character file.

1739660 Flugkiller the Wrestler (level 27, 230/230 (234) HPs)
             Began as a Ghoul Monk on Oct 27, 2018.
             Was a High Priest of Hepliaklqana.
             Escaped with the Orb
             ... and 3 runes on Oct 28, 2018!
             The game lasted 02:56:06 (67085 turns).

Flugkiller the Wrestler (Ghoul Monk)               Turns: 67085, Time: 02:56:07

HP:   230/230 (234) AC: 42    Str: 24    XL:     27
MP:   29/29         EV: 20    Int: 10    God:    Hepliaklqana [*****.]
Gold: 1727          SH: 30    Dex: 13    Spells: 26/26 levels left

rFire    + + +     SeeInvis +     - Unarmed
rCold    + + .     Gourm    .   X - +4 large shield of the Gusle {+Fly rElec rN+}
rNeg     + + +     Faith    .   Q - +9 scales of the Dragon King {rPois rF+ rC+ MR+}
rPois    ∞         Spirit   .   H - +2 helmet
rElec    +         Reflect  +   M - +2 cloak
rCorr    .         Harm     .   (no gloves)
MR       +++++                  x - +2 pair of boots {run}
Stlth    ..........             p - amulet of the Voivode {Reflect +Fly rF++ rC- MR+++ SH+4}
HPRegen  0.00/turn              S - ring "Nufef" {rC+ Int+3 SInv}
MPRegen  0.21/turn              y - ring of Phasing {EV+8}

@: rotting, quick
A: rotting body, reduced essence, claws 1, carnivore, cold resistance 1,
negative energy resistance 3, inhibited regeneration, torment resistance,
unbreathing
0: Orb of Zot
}: 3/15 runes: decaying, slimy, gossamer
a: Recall Ancestor, Ancestor Identity, Transference, Idealise, Renounce
Religion, Evoke Flight


You escaped.
You worshipped Hepliaklqana.
Hepliaklqana was extremely pleased with you.
You were not hungry.

You visited 10 branches of the dungeon, and saw 51 of its levels.
You also visited: Labyrinth, Ice Cave and Wizlab.

You collected 6370 gold pieces.
You spent 4643 gold pieces at shops.

Inventory:

Missiles
 e - 5 throwing nets (quivered)
Armour
 x - a +2 pair of boots of running (worn)
   (You found it on level 2 of the Lair of Beasts)
 H - a +2 helmet (worn)
   (You found it on level 4 of the Vaults)
 M - a +2 cloak (worn)
   (You found it on level 13 of the Dungeon)
 Q - the +9 scales of the Dragon King (worn) {rPois rF+ rC+ MR+}
   (You bought it in a shop on level 2 of the Orcish Mines)

   It protects you from fire.
   It protects you from cold.
   It protects you from poison.
   It affects your resistance to hostile enchantments.
 X - the +4 large shield of the Gusle (worn) {+Fly rElec rN+}
   (You bought it in a shop on level 2 of the Orcish Mines)

   It insulates you from electricity.
   It protects you from negative energy.
   It lets you fly.
Jewellery
 p - the amulet of the Voivode (around neck) {Reflect +Fly rF++ rC- MR+++ SH+4}
   (You bought it in a shop on level 11 of the Dungeon)

   [amulet of reflection]

   It shields you and reflects attacks.
   It greatly protects you from fire.
   It makes you vulnerable to cold.
   It affects your resistance to hostile enchantments.
   It lets you fly.
   It affects your SH (+4).
 y - the ring of Phasing (right claw) {EV+8}
   (You found it on level 5 of the Pits of Slime)

   [ring of evasion]

   It affects your evasion (+8).
 L - the ring "Akkof" {rPois rC+ MR+ Str+4}
   (You took it off a minotaur in a labyrinth)

   [ring of protection from cold]

   It affects your strength (+4).
   It protects you from cold.
   It protects you from poison.
   It affects your resistance to hostile enchantments.
 S - the ring "Nufef" (left claw) {rC+ Int+3 SInv}
   (You found it on level 2 of the Depths)

   [ring of protection from cold]

   It affects your intelligence (+3).
   It protects you from cold.
   It lets you see invisible.
Wands
 s - a wand of clouds (8)
   (You found it on level 9 of the Dungeon)
 u - a wand of enslavement (46)
   (You found it on level 6 of the Dungeon)
 A - a wand of iceblast (26)
   (You found it on level 10 of the Dungeon)
 B - a wand of acid (15)
   (You found it on level 8 of the Dungeon)
 O - a wand of digging (18)
   (You found it in a labyrinth)
 P - a wand of scattershot (7)
   (You found it in a labyrinth)
 R - a wand of paralysis (11)
   (You found it in a labyrinth)
 W - a wand of disintegration (50)
   (You found it on level 13 of the Dungeon)
Scrolls
 a - 4 scrolls of fog
 c - 17 scrolls of teleportation
 d - 18 scrolls of remove curse
 j - 5 scrolls of blinking
 k - 3 scrolls of fear
 l - a scroll of vulnerability
 G - 2 scrolls of magic mapping
 V - 5 scrolls of enchant armour
 Y - a scroll of summoning
 Z - 5 scrolls of identify
Potions
 h - 5 potions of cancellation
 i - 3 potions of magic
 m - 5 potions of brilliance
 n - 6 potions of might
 o - 10 potions of ambrosia
 q - 16 potions of curing
 r - 7 potions of heal wounds
 w - 5 potions of haste
 D - 10 potions of flight
 E - 3 potions of invisibility
 I - 4 potions of agility
 J - a potion of resistance
Miscellaneous
 f - 3 boxes of beasts
 z - a lightning rod (4/4)
   (You found it on level 6 of the Lair of Beasts)
 C - 2 phantom mirrors
 T - a lamp of fire
   (You found it in a labyrinth)
 U - 4 sacks of spiders
Comestibles
 b - 62 rations


   Skills:
 - Level 24.0 Fighting
 - Level 18.0 Armour
 - Level 18.0 Dodging
 - Level 2.1 Stealth
 - Level 18.0 Shields
 + Level 25.7 Unarmed Combat
 - Level 8.0 Invocations
 - Level 10.0 Evocations


You had 26 spell levels left.
You didn't know any spells.
Your spell library contained the following spells:

 Spells                   Type           Power        Failure   Level  Hunger
 Animate Skeleton         Necr           N/A          100%        1    ##.....
 Apportation              Tloc           #.....       100%        1    ##.....
 Confusing Touch          Hex            #.....       100%        1    ##.....
 Corona                   Hex            #......      100%        1    ##.....
 Freeze                   Ice            #...         100%        1    ##.....
 Magic Dart               Conj           #...         100%        1    ##.....
 Pain                     Necr           #...         100%        1    ##.....
 Sandblast                Erth           #.....       100%        1    ##.....
 Shock                    Conj/Air       #...         100%        1    ##.....
 Summon Butterflies       Summ           #.......     100%        1    ##.....
 Summon Small Mammal      Summ           #...         100%        1    ##.....
 Blink                    Tloc           N/A          100%        2    ###....
 Call Imp                 Summ           #.......     100%        2    ###....
 Corpse Rot               Necr           N/A          100%        2    ###....
 Ensorcelled Hibernation  Hex/Ice        #.....       100%        2    ###....
 Passwall                 Tmut/Erth      #.......     100%        2    ###....
 Poisonous Vapours        Pois/Air       #.....       100%        2    ###....
 Searing Ray              Conj           #.....       100%        2    ###....
 Shroud of Golubria       Chrm/Tloc      #.........   100%        2    ###....
 Slow                     Hex            #.......     100%        2    ###....
 Swiftness                Chrm/Air       #.......     100%        2    ###....
 Throw Frost              Conj/Ice       #.....       100%        2    ###....
 Call Canine Familiar     Summ           #.......     100%        3    ####...
 Confuse                  Hex            #.......     100%        3    ####...
 Conjure Flame            Conj/Fire      #.......     100%        3    ####...
 Dazzling Spray           Conj/Hex       #.....       100%        3    ####...
 Gell's Gravitas          Tloc           #.........   100%        3    ####...
 Lesser Beckoning         Tloc           #.........   100%        3    ####...
 Mephitic Cloud           Conj/Pois/Air  #.......     100%        3    ####...
 Ozocubu's Armour         Chrm/Ice       #.......     100%        3    ####...
 Regeneration             Chrm/Necr      #.........   100%        3    ####...
 Static Discharge         Conj/Air       #.......     100%        3    ####...
 Stone Arrow              Conj/Erth      #.....       100%        3    ####...
 Teleport Other           Tloc           #.......     100%        3    ####...
 Tukima's Dance           Hex            #.......     100%        3    ####...
 Vampiric Draining        Necr           #.........   100%        3    ####...
 Airstrike                Air            #.........   100%        4    #####..
 Animate Dead             Necr           N/A          100%        4    #####..
 Cause Fear               Hex            #.........   100%        4    #####..
 Force Lance              Conj/Tloc      #.......     100%        4    #####..
 Fulminant Prism          Conj/Hex       #.........   100%        4    #####..
 Iskenderun's Mystic Bla  Conj           #.......     100%        4    #####..
 Leda's Liquefaction      Hex/Erth       #.........   100%        4    #####..
 Petrify                  Tmut/Erth      #.......     100%        4    #####..
 Summon Ice Beast         Ice/Summ       #.......     100%        4    #####..
 Throw Icicle             Conj/Ice       #.......     100%        4    #####..
 Agony                    Necr           #.......     100%        5    ######.
 Alistair's Intoxication  Tmut/Pois      #.......     100%        5    ######.
 Bolt of Draining         Conj/Necr      #.........   100%        5    ######.
 Borgnjor's Vile Clutch   Necr/Erth      #.........   100%        5    ######.
 Dispel Undead            Necr           #.......     100%        5    ######.
 Excruciating Wounds      Chrm/Necr      #.........   100%        5    ######.
 Irradiate                Conj/Tmut      #.........   100%        5    ######.
 Lee's Rapid Deconstruct  Erth           #.........   100%        5    ######.
 Lightning Bolt           Conj/Air       #.........   100%        5    ######.
 Metabolic Englaciation   Hex/Ice        #.........   100%        5    ######.
 Silence                  Hex/Air        #.........   100%        5    ######.
 Summon Forest            Summ/Tloc      #.........   100%        5    ######.
 Summon Mana Viper        Hex/Summ       #.......     100%        5    ######.
 Yara's Violent Unravell  Hex/Tmut       #.........   100%        5    ######.
 Deflect Missiles         Chrm/Air       #.........   100%        6    #######
 Freezing Cloud           Conj/Ice/Air   #.........   100%        6    #######
 Ring of Flames           Chrm/Fire      #.........   100%        7    #######
 Summon Hydra             Summ           #.........   100%        7    #######
 Discord                  Hex            #.........   100%        8    #######
 Disjunction              Tloc           #.........   100%        8    #######
 Ignition                 Fire           #.........   100%        8    #######
 Shatter                  Erth           #.........   100%        9    #######
 Tornado                  Air            #.........   100%        9    #######
 Sublimation of Blood     Necr           Unusable     N/A         2    N/A
 Ice Form                 Ice/Tmut       Unusable     N/A         4    N/A
 Passage of Golubria      Tloc           Unusable     N/A         4    N/A
 Hydra Form               Tmut           Unusable     N/A         6    N/A

Dungeon Overview and Level Annotations

Branches:
Dungeon (15/15)            Temple (1/1) D:4            Lair (6/6) D:8
  Swamp (4/4) Lair:3       Spider (4/4) Lair:2        Slime (5/5) Lair:6
    Orc (2/2) D:10            Elf (0/3) Orc:2        Vaults (4/5) D:13
  Crypt (0/3) Vaults:3     Depths (5/5) D:15            Zot (5/5) Depths:5

Altars:
Ashenzari
Cheibriados
Dithmenos
Elyvilon
Fedhas
Gozag
Hepliaklqana
Kikubaaqudgha
Makhleb
Nemelex Xobeh
Okawaru
Qazlal
Ru
Sif Muna
Trog
Uskayaw
Vehumet
Wu Jian
Xom
Yredelemnul
Zin
The Shining One
Beogh
Jiyva

Shops:
D:7 [   D:10 (   D:11 *   Orc:1 !   Orc:2 [*(:   Vaults:2 *

Portals:
Hell: Depths:1 Depths:3 Depths:4 Depths:5
Abyss: Depths:4
Pandemonium: Depths:1 Depths:3 Depths:4 Depths:5
Ziggurat: Depths:5

Annotations:
D:3 1 runed door
D:10 5 runed doors
D:11 1 runed door
Lair:5 exclusion: 2 oklob plants
Orc:1 2 transporters, Dath's ghost, journeyman GnWn
Depths:1 1 runed door, Uvergher's ghost, veteran GrFE
Depths:2 exclusions: 2 obsidian statues and orange crystal statue
Depths:4 1 runed door, Yshyohokh's ghost, adept SpEn
Zot:2 2 transporters
Zot:4 30 runed doors


Innate Abilities, Weirdness & Mutations

Your body is rotting away.
You thrive on raw meat.
You are immune to poison.
You have sharp fingernails.
You are carnivorous and can eat meat at any time.
Your flesh is cold resistant. (rC+)
You are immune to negative energy. (rN+++)
You do not regenerate when monsters are visible.
You are immune to unholy pain and torment.
You can survive without breathing.
Your life essence is reduced to manifest your ancestor. (-10% HP)


Message History

You climb upwards.
There is a stone staircase leading down here.
There is a stone staircase leading up here.
You climb upwards.
Level annotation: 1 runed door You feel your flesh rotting away.
There is a stone staircase leading down here.
An orc comes into view. It is wielding a +0 whip.
The orc shouts!
You block the orc's attack.
There is a stone staircase leading up here.
You block the orc's attack.
You climb upwards.
There is a stone staircase leading down here.
You mangle the orc!!
You kill the orc!
Things that are here:
a +0 whip; an orc corpse You butcher the orc corpse.
g - a chunk of flesh
Things that are here:
a +0 whip; an orc skeleton
There is a stone staircase leading down here.
Evoke which item? (* to show all) (? for menu, Esc to quit)
Aiming: Dig
Press: ? - help, Shift-Dir - straight line A rock wall.
This square is covered in magical glow.
The rock shatters into small pieces.
A soul eater comes into view.
There is a stone staircase leading up here.
You climb upwards.
There is a stone staircase leading down here.
(D) Dungeon (T) Temple (L) Lair (S) Swamp (N) Spider Nest (M) Slime Pits (O) Orcish Mines (E) Elven Halls (V) Vaults (C) Crypt (U) Depths (H) Hell (Z) Zot
Where to? (Enter - D:1 @ (x,y), ? - help) Eating a chunk of flesh.
You eat the chunk of flesh.
You feel more resilient.
This raw flesh tastes great!
HP restored.
A hell beast comes into view.
Unknown command.
The hell beast moves out of view.
An Orb Guardian comes into view.
There is a staircase leading out of the dungeon here.
Enter note: gg You don't know any spells.
You block the Orb Guardian's attack.
You have escaped!

#..##.# ##.........#####.# #...
#.2##.# ##.....#.....## #.# ###.
##.##.# ##.....###.....###.#####.
#.##.###.....#####.....##.......
#..#.##.....#.....#.....#..#####
#....#.....###...###.......#....
##..##.....#####.#####.....##.###
....#.....#...........#.....#.# #
##.......###..2X@....###(.....# #
#......#####.......#####.....# #
#.....#2....#.....#.....#....# #
#....###...###...###...###...###
#...#####.#####.#####.#####..#..
#............................#.)
#.X..................>....##.###
#.##################.####.##...)
#.# #..# #.######


You could see a hell beast and an Orb Guardian.

Vanquished Creatures
  the Royal Jelly (Slime:5)
  4 ancient liches
  6 orbs of fire
  A juggernaut (Depths:5)
  Sojobo (Vaults:3)
  the Lernaean hydra (Swamp:4)
  Frederick (Depths:4)
  Margery (Vaults:4)
  Saint Roka (Vaults:4)
  3 Killer Klowns
  A curse toe (Zot:5)
  10 golden dragons
  Jory (Depths:4)
  Arachne (Spider:4)
  A Tzitzimitl (Zot:5)
  5 electric golems
  Rupert (Lair:4)
  11 tentacled monstrosities
  20 Orb Guardians (Zot:5)
  2 quicksilver dragons
  16 acid blobs
  An Executioner (Zot:5)
  5 death cobs
  A thorn hunter (Swamp:4)
  3 tengu reavers
  3 sphinxes
  7 shadow dragons
  9 azure jellies
  10 storm dragons
  4 draconian knights
  7 draconian monks
  A deep elf sorcerer (Vaults:4)
  8 fire giants
  8 draconian scorchers
  9 vault wardens
  5 frost giants
  A frost giant (shapeshifter) (Depths:2)
  3 ghost moths
  An iron dragon (Depths:3)
  9 draconian shifters
  7 emperor scorpions
  2 orc warlords (Orc:2)
  4 draconian stormcallers
  7 draconian annihilators
  2 war gargoyles (Depths:2)
  27 very ugly things
  8 stone giants
  A deep elf elementalist (Depths:4)
  5 vampire knights
  9 ironheart preservers
  6 green draconians
  9 black draconians
  A deep elf annihilator (Vaults:3)
  2 dire elephants (Lair:6)
  6 entropy weavers
  12 purple draconians
  Nessos (Lair:4)
  7 red draconians
  A spark wasp (Spider:4)
  12 white draconians
  An orange crystal statue (WizLab)
  A minotaur (Lab)
  11 yellow draconians
  3 ettins
  11 crystal guardians (Depths:2)
  Snorg (D:14)
  A merfolk impaler (Depths:5)
  2 deep elf death magi
  A green death (Depths:3)
  5 fire dragons
  3 death oozes
  13 ogre magi
  16 hydras
  8 yaktaur captains
  A vault guard (Vaults:4)
  9 great orbs of eyes
  3 rakshasas
  8 ice dragons
  2 catoblepae (D:14)
  2 shambling mangroves (Swamp:4)
  5 spriggan air magi
  7 centaur warriors
  6 alligators
  37 two-headed ogres
  2 tengu warriors
  11 dancing weapons (Depths:2)
  2 death yaks
  An anaconda (Lair:6)
  8 deep troll shamans
  2 death knights
  A vampire mage (Depths:3)
  12 deep troll earth magi
  An orc high priest (Orc:2)
  3 deep elf knights
  2 soul eaters (Depths:3)
  A spriggan berserker (Depths:3)
  A sun demon (Zot:5)
  A shock serpent (shapeshifter) (Depths:2)
  The ghost of tidbits the Covert, a journeyman FeTm of Cheibriados (Orc:2)
  A shadow wraith (Vaults:4)
  A salamander mystic (Depths:4)
  4 iron trolls
  6 skeletal warriors
  A spriggan druid (Swamp:4)
  An unseen horror (shapeshifter) (D:15)
  2 unseen horrors
  2 glowing orange brains
  A hell knight (Vaults:4)
  35 deep trolls
  2 flayed ghosts
  11 swamp dragons
  6 wizards
  2 deep elf archers (Vaults:4)
  2 phantasmal warriors
  A harpy (Vaults:1)
  13 orc knights
  A lindwurm (shapeshifter) (Vaults:1)
  A mana viper (shapeshifter) (Depths:2)
  5 ironbrand convokers
  7 necromancers
  5 shining eyes
  15 orb spiders
  A sphinx zombie (Depths:3)
  A frost giant zombie (Depths:3)
  27 wolf spiders
  11 moths of wrath
  31 ugly things
  7 deep elf magi
  A fire giant zombie (Depths:3)
  A salamander (shapeshifter) (D:15)
  7 cyclopes
  4 orc sorcerers
  4 manticores
  4 salamanders
  A faun (shapeshifter) (Depths:2)
  A moth of wrath (shapeshifter) (Depths:2)
  11 elephants (Lair:6)
  8 large abominations (Depths:4)
  An ice statue (IceCv)
  7 black mambas
  A guardian serpent (shapeshifter) (D:14)
  3 molten gargoyles (Depths:2)
  5 torpor snails
  6 vault sentinels
  3 gargoyles
  3 eyes of devastation
  13 spiny frogs
  A hellion (Zot:5)
  3 kobold demonologists (D:12)
  A hexer (Depths:4)
  2 rime drakes
  39 yaktaurs
  An efreet (D:15)
  9 komodo dragons
  An ice devil (Depths:3)
  10 demonic crawlers
  2 tengu conjurers
  4 freezing wraiths
  12 tyrant leeches
  4 trolls
  18 jumping spiders
  A jumping spider (shapeshifter) (Vaults:1)
  14 polar bears
  Grinder (D:2)
  81 slime creatures
  21 hornets
  3 bog bodies
  A hornet (shapeshifter) (Depths:2)
  11 hippogriffs
  2 wind drakes (Depths:2)
  5 dream sheep (Lair:6)
  14 blink frogs
  A hippogriff (shapeshifter) (D:13)
  A spriggan (shapeshifter) (Vaults:1)
  10 spriggans
  2 air elementals (Depths:2)
  3 hogs (Lair:4)
  74 redbacks
  11 water elementals
  4 shadows
  Sigmund (D:2)
  A ynoxinul (Depths:3)
  3 wraiths
  3 vampires (D:14)
  A basilisk (Lair:6)
  33 yaks
  4 fire elementals (Depths:2)
  A golden eye (shapeshifter) (Depths:2)
  4 wyverns
  A hog (shapeshifter) (Vaults:1)
  14 humans (D:13)
  23 tarantellas
  A hungry ghost (D:10)
  3 chaos spawn
  18 golden eyes
  8 vampire mosquitoes
  A warg (shapeshifter) (Depths:2)
  4 small abominations (Depths:4)
  A human simulacrum (Vaults:2)
  11 swamp worms
  13 insubstantial wisps
  8 water moccasins
  6 wargs
  A floating eye (shapeshifter) (Depths:2)
  5 porcupines
  Duvessa (D:6)
  3 black bears
  40 orc warriors
  10 swamp drakes
  5 sky beasts
  3 ice beasts
  5 eyes of draining
  22 ogres
  2 human zombies (Vaults:2)
  3 phantoms
  A human skeleton (Vaults:2)
  An eye of draining (shapeshifter) (Vaults:3)
  A boggart (Vaults:1)
  A necrophage (D:12)
  19 wolves
  14 centaurs
  13 crocodiles
  Blork the orc (D:6)
  3 big kobolds
  9 bullfrogs
  4 earth elementals (Depths:2)
  A glowing shapeshifter simulacrum (Vaults:3)
  A gnoll sergeant (D:11)
  2 wyvern skeletons
  4 scorpions
  10 killer bees
  4 electric eels
  13 wights
  A howler monkey (D:14)
  4 crimson imps
  3 centaur zombies
  An iron imp (Orc:1)
  3 jellies
  8 hounds
  3 bullfrog zombies
  21 orc priests
  3 bullfrog skeletons
  9 centaur skeletons
  3 iguanas
  30 orc wizards
  17 worker ants
  3 hound skeletons
  A howler monkey zombie (D:9)
  A worker ant zombie (D:10)
  Robin (D:3)
  10 adders
  6 gnolls
  3 shadow imps
  2 white imps
  2 oozes
  An adder skeleton (D:4)
  An adder zombie (D:5)
  3 worms
  A ball lightning (Depths:2)
  7 dart slugs
  3 leopard geckos
  104 orcs
  3 giant cockroaches
  13 goblins
  9 hobgoblins
  5 jackals
  2 quokkas
  10 bats
  4 frilled lizards
  A jackal skeleton (D:4)
  7 kobolds
  A leopard gecko zombie (D:5)
  10 rats
  2 briar patches (Swamp:4)
  A crawling corpse (Vaults:4)
  A fungus (Lair:5)
  2 plants (Lair:6)
1864 creatures vanquished.

Vanquished Creatures (collateral kills)
  An ancient lich (Depths:1)
  Mara (Vaults:4)
  A caustic shrike (Depths:3)
  3 Killer Klowns (Zot:5)
  A golden dragon (Depths:3)
  An electric golem (Zot:3)
  3 tentacled monstrosities
  5 Orb Guardians (Zot:5)
  A quicksilver dragon (Zot:1)
  5 acid blobs
  3 shadow dragons
  2 tengu reavers (Depths:3)
  A storm dragon (Depths:3)
  Kirke (Lair:5)
  2 azure jellies
  A draconian monk (Zot:3)
  A ghost moth (Zot:5)
  3 emperor scorpions (Spider:4)
  An ironheart preserver (Vaults:3)
  2 war gargoyles (Depths:2)
  2 draconian shifters
  2 very ugly things (Depths:4)
  2 stone giants
  An entropy weaver (Spider:2)
  The ghost of grizmgrazm2 the Champion of Chaos, a journeyman DDFi of Makhleb (Orc:2)
  A green draconian (Zot:2)
  A black draconian (Depths:5)
  3 yellow draconians
  2 white draconians
  A purple draconian (Zot:4)
  A crystal guardian (Depths:2)
  A deep elf death mage (Vaults:4)
  An ettin (Vaults:3)
  A deep elf high priest (Depths:5)
  A blizzard demon (Depths:2)
  A great orb of eyes (Vaults:1)
  An ogre mage (Vaults:1)
  A yaktaur captain (Depths:5)
  A vault guard (Vaults:4)
  An ice dragon (Depths:3)
  A hydra (Lair:6)
  Erica (Lair:2)
  A death knight (Vaults:3)
  2 centaur warriors
  8 two-headed ogres
  A death yak (IceCv)
  3 deep troll shamans
  A hell knight (Vaults:4)
  2 deep troll earth magi (Depths:1)
  14 slime creatures
  A shadow wraith (Vaults:4)
  A flayed ghost (Vaults:2)
  2 unseen horrors
  7 deep trolls
  4 swamp dragons
  2 orc knights
  An orb spider (Spider:2)
  2 necromancers (Depths:1)
  8 ugly things
  An ironbrand convoker (Vaults:4)
  A shining eye (Slime:1)
  4 wolf spiders
  A salamander (Depths:5)
  6 elephants
  A vault sentinel (Vaults:2)
  4 spiny frogs
  A gargoyle (D:13)
  5 yaktaurs
  2 demonic crawlers
  3 trolls
  A merfolk (shapeshifter) (Depths:2)
  A wind drake (Depths:2)
  3 polar bears
  3 jumping spiders
  A blink frog (Lair:2)
  2 hornets
  A dream sheep (Lair:6)
  8 tyrant leeches
  Prince Ribbit (D:6)
  4 hippogriffs
  An air elemental (Depths:2)
  15 redbacks
  A spriggan (Depths:3)
  A water elemental (Depths:3)
  3 tarantellas
  3 yaks
  A vampire (D:12)
  2 humans (D:13)
  2 golden eyes (Slime:5)
  A human simulacrum (Vaults:2)
  A hungry ghost (D:14)
  2 wargs (Orc:1)
  A vampire mosquito (Swamp:4)
  2 swamp worms
  An insubstantial wisp (Swamp:4)
  A swamp drake (Swamp:4)
  A porcupine (Lair:5)
  11 orc warriors
  2 water moccasins
  A black bear (D:6)
  A phantom (D:10)
  3 eyes of draining
  An ettin simulacrum (Vaults:1)
  4 ogres
  5 wolves
  2 crocodiles
  8 bullfrogs
  2 earth elementals (Depths:2)
  Dowan (D:6)
  2 killer bees
  A wight (D:12)
  A jelly (D:13)
  3 orc priests
  A hound (D:7)
  8 orc wizards
  An adder zombie (D:6)
  A worm (shapeshifter) (Depths:2)
  A worm (D:9)
  20 orcs
  A quokka (D:6)
  A rat (D:9)
  A briar patch (Swamp:4)
  A butterfly (D:4)
  A fire vortex (Depths:4)
  2 fungi
  A plant (D:7)
308 creatures vanquished.

Vanquished Creatures (others)
  A red draconian (Zot:5)
  A dancing weapon (Depths:2)
  An unseen horror (D:12)
  9 yaktaurs
  2 polar bears (IceCv)
  A blink frog (Swamp:4)
  A jumping spider (Spider:3)
  A human (Lair:6)
  A swamp worm (Swamp:4)
  4 wolves (IceCv)
  A centaur (Depths:1)
  61 hexers
  An orc wizard (Orc:1)
  7 ball lightnings (Depths:2)
  19 fungi
  17 plants
  5 withered plants (Orc:2)
133 creatures vanquished.

Grand Total: 2305 creatures vanquished

Notes
Turn   | Place    | Note
-------+----------+-------------------------------------------
     0 | D:1      | Flugkiller the Ghoul Monk began the quest for the Orb.
     0 | D:1      | Reached XP level 1. HP: 19/19 MP: 0/0
   143 | D:1      | Reached XP level 2. HP: 22/26 MP: 1/1
   151 | D:1      | Reached skill level 4 in Unarmed Combat
   596 | D:1      | Reached XP level 3. HP: 29/31 MP: 2/2
   794 | D:2      | Found a shattered altar of Ashenzari.
   848 | D:2      | Reached skill level 5 in Unarmed Combat
   897 | D:2      | Reached XP level 4. HP: 38/38 MP: 3/3
   967 | D:2      | Noticed Sigmund
  1004 | D:2      | Killed Sigmund
  1004 | D:2      | Reached skill level 7 in Unarmed Combat
  1004 | D:2      | Reached XP level 5. HP: 27/45 MP: 4/4
  1127 | D:2      | Reached XP level 6. HP: 51/51 MP: 5/5
  1364 | D:3      | Noticed Grinder
  1403 | D:2      | Killed Grinder
  1403 | D:2      | Reached skill level 8 in Unarmed Combat
  1435 | D:3      | Reached XP level 7. HP: 41/57 MP: 6/6
  1522 | D:3      | Found a snail-covered altar of Cheibriados.
  1619 | D:3      | Found a runed door.
  1729 | D:3      | Found a blossoming altar of Fedhas.
  1769 | D:3      | Noticed Robin
  1789 | D:3      | Killed Robin
  1864 | D:3      | You fall through a shaft for 3 floors!
  1889 | D:6      | Noticed Blork the orc
  1901 | D:6      | Killed Blork the orc
  1982 | D:6      | Found a radiant altar of Vehumet.
  2147 | D:6      | Noticed Dowan
  2160 | D:6      | Noticed Duvessa
  2183 | D:5      | Entered Level 5 of the Dungeon
  2342 | D:5      | Reached skill level 5 in Dodging
  2472 | D:5      | Reached XP level 8. HP: 58/65 MP: 7/7
  2620 | D:5      | Reached skill level 5 in Fighting
  2667 | D:4      | Reached skill level 1 in Armour
  2678 | D:4      | Found a staircase to the Ecumenical Temple.
  2695 | Temple   | Entered the Ecumenical Temple
  2900 | Temple   | Became a worshipper of Hepliaklqana the Forgotten
  2900 | Temple   | Reached * piety under Hepliaklqana
  2900 | Temple   | Reached ** piety under Hepliaklqana
  2901 | Temple   | Remembered your ancestor Ealamassi as a hexer
  3004 | D:4      | Found a sacrificial altar of Ru.
  3497 | D:5      | Found a faded altar of an unknown god.
  3497 | D:5      | Found a faded altar of an unknown god.
  3512 | D:5      | Found an ancient bone altar of Kikubaaqudgha.
  3514 | D:5      | Found a glowing golden altar of the Shining One.
  3516 | D:5      | Found a white marble altar of Elyvilon.
  4027 | D:6      | Killed Duvessa
  4039 | D:6      | Killed Dowan
  4039 | D:6      | Reached skill level 5 in Armour
  4173 | D:6      | Noticed Prince Ribbit
  4423 | D:6      | Reached skill level 1 in Invocations
  4423 | D:6      | Reached skill level 1 in Evocations
  4423 | D:6      | Reached XP level 9. HP: 47/66 MP: 8/8
  4593 | D:6      | Killed Prince Ribbit
  5243 | D:7      | Reached *** piety under Hepliaklqana
  5361 | D:7      | Reached skill level 9 in Unarmed Combat
  5404 | D:7      | Found Xoniged's Armour Emporium.
  5983 | D:8      | Reached XP level 10. HP: 53/75 MP: 11/11
  6183 | D:8      | Found a staircase to the Lair.
  6692 | Lair:1   | Entered Level 1 of the Lair of Beasts
  6745 | Lair:1   | Reached **** piety under Hepliaklqana
  6754 | Lair:1   | Noticed a spiny frog
  6764 | Lair:1   | Killed a spiny frog
  6777 | Lair:1   | Reached skill level 10 in Unarmed Combat
  6836 | Lair:1   | Got a faintly humming leather armour
  6976 | Lair:1   | Noticed a black mamba
  6993 | Lair:1   | Killed a black mamba
  7071 | Lair:1   | Got a translucent shortbow
  7185 | Lair:1   | Noticed a spiny frog
  7199 | Lair:1   | Killed a spiny frog
  7861 | Lair:2   | Found a hole to the Spider Nest.
  7887 | Lair:2   | Reached XP level 11. HP: 78/85 MP: 12/12
  7896 | Lair:2   | Reached skill level 11 in Unarmed Combat
  7932 | Lair:2   | Noticed Erica
  7946 | Lair:2   | Killed Erica
  8254 | Lair:2   | Identified a +1 pair of boots of running (You found it on
                  | level 2 of the Lair of Beasts)
  8262 | Lair:2   | wow
  8723 | Lair:3   | Got an ancient ring mail
  9043 | Lair:3   | Found a staircase to the Swamp.
  9682 | Lair:3   | Reached skill level 10 in Fighting
  9789 | Lair:3   | Reached skill level 12 in Unarmed Combat
  9835 | Lair:3   | Noticed a seven-headed hydra
  9928 | Lair:3   | Killed a seven-headed hydra
 10399 | Lair:3   | Reached XP level 12. HP: 75/97 MP: 10/13
 10718 | Lair:4   | Noticed a six-headed hydra
 10721 | Lair:4   | Killed a six-headed hydra
 10730 | Lair:4   | Noticed a death yak
 10743 | Lair:4   | Killed a death yak
 10743 | Lair:4   | Reached skill level 10 in Armour
 10780 | Lair:4   | Identified the +3 ring mail of the Shore {+Inv rElec rPois}
                  | (You found it on level 3 of the Lair of Beasts)
 10821 | Lair:4   | Reached ***** piety under Hepliaklqana
 10833 | Lair:4   | Found a burning altar of Makhleb.
 10868 | Lair:4   | Noticed Kirke
 10876 | Lair:4   | Reached skill level 13 in Unarmed Combat
 11104 | Lair:4   | Noticed Nessos
 11124 | Lair:4   | Killed Nessos
 11124 | Lair:4   | Reached skill level 5 in Invocations
 11267 | Lair:4   | Noticed Rupert
 11291 | Lair:4   | Killed Rupert
 11707 | Lair:4   | Noticed a five-headed hydra
 11716 | Lair:4   | Reached XP level 13. HP: 70/104 MP: 12/16
 12236 | Lair:5   | Killed Kirke
 12611 | Lair:5   | nice
 13266 | Lair:6   | Entered Level 6 of the Lair of Beasts
 13927 | Lair:6   | Reached skill level 10 in Dodging
 14136 | Lair:6   | Reached XP level 14. HP: 106/113 MP: 17/17
 14275 | Lair:5   | Reached skill level 1 in Shields
 14408 | Lair:6   | Reached ****** piety under Hepliaklqana
 14713 | Lair:6   | Found a staircase to the Slime Pits.
 15314 | Lair:6   | Noticed a dire elephant
 15314 | Lair:6   | Noticed a dire elephant
 15325 | Lair:6   | Noticed a dire elephant
 15587 | Lair:6   | Killed a dire elephant
 15985 | Lair:6   | Noticed a dire elephant
 16632 | D:9      | Reached skill level 5 in Shields
 17035 | D:9      | Got a polished long sword
 17218 | D:9      | Found a bloodstained altar of Trog.
 17314 | D:10     | Entered Level 10 of the Dungeon
 17314 | D:10     | Found Suovuheh's Weapon Shop.
 17335 | D:10     | daaamn, wyrmband
 17335 | D:10     | wyrmbane* lol
 17832 | D:10     | Found a staircase to the Orcish Mines.
 17940 | D:10     | Found a runed door.
 17944 | D:10     | Found a runed gate.
 17944 | D:10     | Found a burning altar of Makhleb.
 17945 | D:10     | Found a runed gate.
 17973 | D:10     | Found a runed gate.
 17981 | D:10     | Found a runed door.
 17991 | D:10     | Found the +9 staff of Olgreb {rPois}
 18418 | D:11     | Noticed a frost giant
 18420 | D:11     | Found a runed door.
 18555 | D:11     | Found Muj Obru's Assorted Antiques.
 18717 | D:11     | Found a labyrinth entrance.
 18724 | Lab      | Entered a labyrinth
 19510 | Lab      | Identified the +10 scimitar of the Coward {slice, rC- MP+9
                  | Int+7 Stlth+}
 19510 | Lab      | Identified the ring "Akkof" {rPois rC+ MR+ Str+4}
 19511 | Lab      | Found the +8 whip "Snakebite" {curare, rPois}
 20172 | D:12     | Found a frozen archway.
 20217 | IceCv    | Entered an ice cave
 20366 | IceCv    | Got a shimmering hand crossbow
 20719 | IceCv    | Reached XP level 15. HP: 67/118 MP: 11/19
 20830 | IceCv    | Noticed a frost giant
 20860 | IceCv    | Killed a frost giant
 20951 | IceCv    | Got a wavering wooden ring
 20953 | IceCv    | Identified the Guide on Cold
 20990 | D:12     | Reached skill level 5 in Evocations
 21067 | D:12     | Got an ivory dire flail
 21785 | D:13     | Found a gate to the Vaults.
 22043 | D:13     | Reached skill level 10 in Shields
 22969 | D:14     | Noticed Snorg
 22989 | D:14     | Killed Snorg
 23787 | D:15     | Entered Level 15 of the Dungeon
 23908 | D:15     | Reached skill level 14 in Unarmed Combat
 23981 | D:15     | Found a glowing golden altar of the Shining One.
 24110 | D:15     | Reached XP level 16. HP: 109/126 MP: 21/21
 24211 | D:15     | Identified the ring "Bof Ibyrch" {Ice Dex+2 SInv} (You
                  | found it in an ice cave)
 24218 | D:15     | Reached XP level 17. HP: 133/133 MP: 22/22
 24647 | D:15     | Found a staircase to the Depths.
 24812 | Orc:1    | Entered Level 1 of the Orcish Mines
 24911 | Orc:2    | Entered Level 2 of the Orcish Mines
 25024 | Orc:2    | Found a roughly hewn altar of Beogh.
 25037 | Orc:2    | Found a roughly hewn altar of Beogh.
 25412 | Orc:2    | Found a roughly hewn altar of Beogh.
 25418 | Orc:2    | Found Mimaops's Antique Weapon Shop.
 25436 | Orc:2    | Found Qoidghado's Antique Armour Shop.
 25552 | Orc:2    | Found Plog's General Store.
 25622 | Orc:2    | Found a runed gate.
 25622 | Orc:2    | Found a runed gate.
 25622 | Orc:2    | Found a runed gate.
 25628 | Orc:2    | Noticed tidbits's ghost (journeyman FeTm)
 25643 | Orc:2    | Found Demmeon's Book Shop.
 25671 | Orc:2    | Bought an ichor-stained large shield for 275 gold pieces
 25671 | Orc:2    | Identified the +4 large shield of the Gusle {+Fly rElec
                  | rN+} (You bought it in a shop on level 2 of the Orcish
                  | Mines)
 25712 | Orc:2    | Noticed grizmgrazm2's ghost (journeyman DDFi)
 25841 | Orc:2    | Found a staircase to the Elven Halls.
 26237 | Orc:1    | Found Ruhir's Distillery.
 26321 | Orc:1    | Found a transporter.
 26328 | Orc:1    | Found a transporter.
 26328 | Orc:1    | Noticed Dath's ghost (journeyman GnWn)
 26385 | Orc:1    | Identified a scroll of acquirement
 26437 | Orc:1    | Got a jewelled hat
 26456 | Orc:1    | Identified the cursed +0 hat "Vilihobe" {-Cast rF+ Int+2}
                  | (You found it on level 1 of the Orcish Mines)
 26601 | Orc:2    | Killed grizmgrazm2's ghost
 26601 | Orc:2    | Reached skill level 15 in Unarmed Combat
 26605 | Orc:2    | Killed tidbits's ghost
 26641 | Orc:2    | Bought a scroll of fog for 28 gold pieces
 26641 | Orc:2    | Bought a potion of heal wounds for 70 gold pieces
 26641 | Orc:2    | Bought a scroll of identify for 28 gold pieces
 26747 | D:11     | Bought a scroll labeled MUR DIS DEA for 29 gold pieces
 26747 | D:11     | Bought 2 scrolls labeled YDWEOG CAOLE for 58 gold pieces
 26747 | D:11     | Bought a scroll labeled YDWEOG CAOLE for 29 gold pieces
 26747 | D:11     | Bought a scroll of teleportation for 87 gold pieces
 26747 | D:11     | Bought a clouded garnet amulet for 145 gold pieces
 26891 | Swamp:1  | Entered Level 1 of the Swamp
 27549 | Swamp:1  | Identified the amulet of the Voivode {Reflect +Fly rF++ rC-
                  | MR+++ SH+4} (You bought it in a shop on level 11 of the
                  | Dungeon)
 28953 | Swamp:4  | Entered Level 4 of the Swamp
 30031 | Swamp:4  | Reached XP level 18. HP: 130/143 MP: 23/23
 30766 | Swamp:4  | Noticed the 27-headed Lernaean hydra
 30793 | Swamp:4  | Killed the 27-headed Lernaean hydra
 31043 | Swamp:4  | Got a decaying rune of Zot
 31619 | Spider:1 | Entered Level 1 of the Spider Nest
 35313 | Spider:3 | Reached skill level 16 in Unarmed Combat
 35352 | Spider:3 | Reached XP level 19. HP: 121/150 MP: 24/24
 36033 | Spider:4 | Entered Level 4 of the Spider Nest
 36319 | Spider:4 | Reached skill level 17 in Unarmed Combat
 36370 | Spider:4 | Noticed Arachne
 36394 | Spider:4 | Killed Arachne
 36778 | Spider:4 | Reached skill level 15 in Fighting
 37186 | Spider:4 | Got a gossamer rune of Zot
 37448 | Vaults:1 | Entered Level 1 of the Vaults
 38654 | Vaults:1 | Reached XP level 20. HP: 162/162 MP: 25/25
 39031 | Vaults:2 | Reached skill level 15 in Armour
 39556 | Vaults:2 | Found Eshrot's Assorted Antiques.
 39826 | Vaults:2 | Reached skill level 18 in Unarmed Combat
 40577 | Vaults:3 | Noticed Sojobo
 40602 | Vaults:3 | Killed Sojobo
 40694 | Vaults:3 | Found a staircase to the Crypt.
 40694 | Vaults:3 | Found an ancient bone altar of Kikubaaqudgha.
 40695 | Vaults:3 | Found a basalt altar of Yredelemnul.
 40814 | Vaults:3 | Got a transparent battleaxe
 40815 | Vaults:3 | Identified the +7 battleaxe "Ovix" {drain, rC+ MR++ Str-5
                  | Stlth+} (You found it on level 3 of the Vaults)
 41014 | Vaults:3 | Reached skill level 15 in Dodging
 41014 | Vaults:3 | Reached XP level 21. HP: 148/169 MP: 26/26
 41825 | Vaults:4 | Reached skill level 15 in Shields
 42165 | Vaults:4 | Noticed Saint Roka
 42183 | Vaults:4 | Killed Saint Roka
 42346 | Vaults:4 | Noticed Mara
 42346 | Vaults:4 | Identified the cursed +2 quarterstaff of Contention {speed,
                  | rPois rC+}
 42353 | Vaults:4 | Identified the +1 spear "Bale" {flame, rPois MP+9 Str-4}
 42355 | Vaults:4 | Noticed Flugkiller's illusion
 42559 | Vaults:4 | Noticed Flugkiller's illusion
 42933 | Vaults:4 | Noticed Flugkiller's illusion
 43427 | Vaults:4 | Noticed Margery
 43443 | Vaults:4 | Killed Margery
 43665 | Vaults:4 | Noticed Flugkiller's illusion
 43824 | Vaults:4 | Noticed Flugkiller's illusion
 44252 | Vaults:4 | Killed Mara
 44456 | Depths:1 | Entered Level 1 of the Depths
 44493 | Depths:1 | Reached XP level 22. HP: 175/180 MP: 27/27
 44641 | Depths:1 | Found a one-way gate leading to the halls of Pandemonium.
 45468 | Depths:1 | Noticed an ancient lich
 45480 | Depths:1 | Noticed an ancient lich
 45485 | Depths:1 | Killed an ancient lich
 45485 | Depths:1 | Reached skill level 19 in Unarmed Combat
 45501 | Depths:1 | Killed an ancient lich
 45503 | Depths:1 | Found the +6 Majin-Bo {vamp, Archmagi MP+6 Int+6}
 45602 | Depths:1 | Found a runed door.
 45607 | Depths:1 | Noticed Uvergher's ghost (veteran GrFE)
 45766 | Depths:1 | Found a gateway to Hell.
 46333 | Depths:2 | Got a brightly glowing great sword
 46334 | Depths:2 | Identified the +5 great sword of Ravage {slice, *Noise
                  | Str+4 Dex+6} (You found it on level 2 of the Depths)
 47381 | Depths:2 | Identified the +7 scimitar of Cheibriados's Hatred {flame,
                  | Dex+4}
 48219 | Depths:2 | Found the +2 robe of Vines {NoPotionHeal Regen+7}
 48268 | Depths:2 | Got a translucent rapier
 48304 | Depths:2 | Got a brightly glowing golden ring
 48306 | Depths:2 | Got a bound lead ring
 48309 | Depths:2 | Identified the ring "Nufef" {rC+ Int+3 SInv} (You found it
                  | on level 2 of the Depths)
 48310 | Depths:2 | Identified the ring "Mut Utsihy" {-Tele Str+7 SInv} (You
                  | found it on level 2 of the Depths)
 48653 | Depths:3 | Reached XP level 23. HP: 180/180 MP: 28/28
 49161 | Depths:3 | Noticed an ancient lich
 49193 | Depths:3 | Killed an ancient lich
 49272 | Depths:3 | Identified Lohud's Catalogue of Stolen Souls
 49316 | Depths:3 | Identified the +8 trident "Lifebane" {protect, rPois MR-
                  | Str+4}
 49393 | Depths:3 | Noticed a golden dragon
 49408 | Depths:3 | Killed a golden dragon
 50101 | Depths:3 | Noticed a caustic shrike
 50114 | Depths:3 | Killed a caustic shrike
 50263 | Depths:3 | Got a jewelled scale mail
 50264 | Depths:3 | Identified the cursed +0 scale mail "Jihugaf" {Slay+6} (You
                  | found it on level 3 of the Depths)
 50307 | Depths:3 | Identified Further Progress in Theurgy
 50725 | Depths:4 | Reached skill level 10 in Evocations
 50834 | Depths:4 | Found a runed door.
 50834 | Depths:4 | Noticed Yshyohokh's ghost (adept SpEn)
 50861 | Depths:4 | Noticed Frederick
 50876 | Depths:4 | Killed Frederick
 50952 | Depths:4 | Found a magical portal.
 50963 | WizLab   | Entered Wucad Mu's Monastery
 51099 | WizLab   | Found the +9 staff of Wucad Mu {channel}
 51143 | WizLab   | Reached skill level 20 in Unarmed Combat
 51143 | WizLab   | Reached XP level 24. HP: 190/193 MP: 24/29
 51527 | Depths:4 | Found a one-way gate to the infinite horrors of the Abyss.
 51587 | Depths:4 | Noticed Jory
 51599 | Depths:4 | Killed Jory
 52253 | Depths:4 | That was 1.4 k gold inside that vault, damn
 52411 | D:13     | Got a crystal hand axe
 52528 | Orc:2    | Bought the +9 scales of the Dragon King {rPois rF+ rC+ MR+}
                  | for 3619 gold pieces
 52528 | Orc:2    | Found the +9 scales of the Dragon King {rPois rF+ rC+ MR+}
 52528 | Orc:2    | Bought a pair of steaming boots for 275 gold pieces
 52532 | Orc:2    | Identified the +2 pair of boots "Zuenupob" {rCorr} (You
                  | bought it in a shop on level 2 of the Orcish Mines)
 52777 | Slime:1  | Entered Level 1 of the Pits of Slime
 52882 | Lair:6   | Reached XP level 25. HP: 193/207 MP: 24/29
 53915 | Slime:5  | Entered Level 5 of the Pits of Slime
 54387 | Slime:5  | Noticed the Royal Jelly
 55525 | Slime:5  | Found a viscous altar of Jiyva.
 55545 | Slime:5  | Found the ring of Phasing {EV+8}
 55725 | Slime:5  | Killed the Royal Jelly
 56294 | Slime:5  | Got a scintillating marble ring
 56295 | Slime:5  | Identified the ring "Wiqurchia" {+Blink AC+2 Str-5 Int+8
                  | SInv} (You found it on level 5 of the Pits of Slime)
 56304 | Slime:5  | Identified the Collected Works on Cloudy Translocation
 56328 | Slime:5  | Got a dazzling helmet
 56329 | Slime:5  | Identified the cursed -3 helmet of the Immovable Eyes
                  | {Str+4} (You found it on level 5 of the Pits of Slime)
 56402 | Slime:5  | Got a twisted shortbow
 56407 | Slime:5  | Got an ancient graven amulet
 56408 | Slime:5  | Identified the amulet of Xom's Ringing Laughter {Faith
                  | -Tele rElec rPois rN+} (You found it on level 5 of the Pits
                  | of Slime)
 56411 | Slime:5  | Got a slimy rune of Zot
 56413 | Slime:5  | Got a fine broad axe
 56414 | Slime:5  | Identified the cursed +1 broad axe "Worm" {pain, MR+} (You
                  | found it on level 5 of the Pits of Slime)
 56936 | Depths:5 | Entered Level 5 of the Depths
 57102 | Depths:5 | Noticed a juggernaut
 57113 | Depths:5 | Killed a juggernaut
 57153 | Depths:5 | Reached XP level 26. HP: 193/227 MP: 29/29
 57340 | Depths:5 | Found a gateway to a ziggurat.
 57625 | Depths:5 | Found a gate to the Realm of Zot.
 57883 | Zot:1    | Entered Level 1 of the Realm of Zot
 58877 | Zot:2    | Found a transporter.
 58918 | Zot:2    | Found a transporter.
 58919 | Zot:2    | Found the +0 mask of the Dragon {MR+ Slay+3 SInv}
 59072 | Zot:2    | Got a faintly humming ring mail
 60027 | Zot:1    | Noticed an orb of fire
 60059 | Zot:1    | Killed an orb of fire
 60424 | Zot:3    | Reached XP level 27. HP: 197/234 MP: 29/29
 60449 | Zot:3    | Got a bloodstained morningstar
 61860 | Zot:4    | Reached skill level 21 in Unarmed Combat
 61873 | Zot:4    | Found a huge runed gate.
 61873 | Zot:4    | Found a huge runed gate.
 61873 | Zot:4    | Found a huge runed gate.
 61873 | Zot:4    | Found a huge runed gate.
 61874 | Zot:4    | Found a huge runed gate.
 61880 | Zot:4    | Found a huge runed gate.
 61880 | Zot:4    | Found a huge runed gate.
 61880 | Zot:4    | Found a huge runed gate.
 61880 | Zot:4    | Found a huge runed gate.
 61880 | Zot:4    | Found a huge runed gate.
 61881 | Zot:4    | Found a huge runed gate.
 61882 | Zot:4    | Found a huge runed gate.
 61890 | Zot:4    | Found a huge runed gate.
 61890 | Zot:4    | Found a huge runed gate.
 61908 | Zot:4    | Found a huge runed gate.
 61908 | Zot:4    | Found a huge runed gate.
 61908 | Zot:4    | Found a huge runed gate.
 61908 | Zot:4    | Found a huge runed gate.
 61910 | Zot:4    | Found a huge runed gate.
 61914 | Zot:4    | Found a huge runed gate.
 61914 | Zot:4    | Found a huge runed gate.
 61914 | Zot:4    | Found a huge runed gate.
 61914 | Zot:4    | Found a huge runed gate.
 62010 | Zot:4    | Found a huge runed gate.
 62010 | Zot:4    | Found a huge runed gate.
 62010 | Zot:4    | Found a huge runed gate.
 62011 | Zot:4    | Found a huge runed gate.
 62012 | Zot:4    | Found a huge runed gate.
 62013 | Zot:4    | Found a huge runed gate.
 62016 | Zot:4    | Found a huge runed gate.
 62317 | Zot:5    | Entered Level 5 of the Realm of Zot
 62320 | Zot:5    | lmao I get first immo scroll in zot:4
 62672 | Zot:5    | Noticed an orb of fire
 62695 | Zot:5    | Killed an orb of fire
 62695 | Zot:5    | Reached skill level 22 in Unarmed Combat
 62838 | Zot:5    | Noticed an ancient lich
 62865 | Zot:5    | Killed an ancient lich
 62988 | Zot:5    | Reached skill level 23 in Unarmed Combat
 62988 | Zot:5    | Noticed an ancient lich
 63002 | Zot:5    | Killed an ancient lich
 63721 | Zot:5    | Noticed an orb of fire
 63737 | Zot:5    | Killed an orb of fire
 65165 | Zot:5    | Reached skill level 24 in Unarmed Combat
 65196 | Zot:5    | Noticed an orb of fire
 65215 | Zot:5    | Killed an orb of fire
 65225 | Zot:5    | Noticed an orb of fire
 65241 | Zot:5    | Killed an orb of fire
 65299 | Zot:5    | Noticed an orb of fire
 65314 | Zot:5    | Killed an orb of fire
 65369 | Zot:5    | Reached skill level 25 in Unarmed Combat
 66503 | Zot:5    | Got the Orb of Zot
 67084 | D:1      | gg
 67085 | D:$      | Escaped with the Orb!

Vault maps used:
D:1:      onia_arrival_pyramid
D:2:      marbit_many_paths, uniq_sigmund
D:3:      old_standard_altar, kennysheep_slug_shrine, uniq_crazy_yiuf_cottage,
          uniq_grinder, uniq_robin
D:4:      nicolae_overflow_crystal_walls, minmay_temple_entry_butterflies
D:5:      chequers_temple_overflow_minitemple, first_ration
D:6:      overflow_temple_1_default, uniq_blork_the_orc, uniq_prince_ribbit1,
          uniq_duvessa
D:7:      serial_shops, nicolae_shop_behind_doors, kennysheep_boxes
D:8:      lair_entry_dummy
D:9:      minmay_distorted_concentric_squares, tgw_trog
D:10:     minmay_thick_lines, david_orc_3, serial_shops, shop, basic_altar,
          grunt_tengu_nest, minmay_strange_pillars,
          minmay_guarded_unrand_staff_of_olgreb
D:11:     serial_shops, nicolae_shop_temple_entry_statues_fountains,
          lab_entry_generic, minmay_st_funbox
D:12:     portal_ice_cave_entry_pillars_1
D:13:     david_vaults_3
D:14:     abandoned_shop, uniq_snorg
D:15:     grunt_enter_depths_snipers, tso_metal_star
Temple:   nicolae_temple_figure_eight
Lair:1:   chequers_serial_rivers_small_a, grunt_megastairs_3
Lair:2:   spider_nest_entry_web_field, uniq_erica
Lair:3:   swamp_mist, worms_lemuel, infiniplex_staircase_pool,
          grunt_megastairs_1
Lair:4:   basic_altar, minmay_holes, columned_hall_lemuel, serial_bayou_pond_a,
          hangedman_lair_generics_rect, uniq_rupert, uniq_kirke, uniq_nessos
Lair:5:   minmay_lair_oklob_chamber
Lair:6:   due_jungle_book, dpeg_slime_entry_corner, grunt_megastairs_2
Swamp:1:  evilmike_swamp_ruin_house_2
Swamp:2:  evilmike_swamp_ruin_house_1
Swamp:3:  evilmike_swamp_ruin_rubble_1
Swamp:4:  swamp_old_school
Spider:2: spider_trap
Spider:4: grunt_spider_rune_circles, uniq_arachne
Orc:1:    serial_shops, shop, gammafunk_ghost_smash, hangedman_minor_magic
Orc:2:    grunt_orc_cross, basic_altar, gammafunk_ghost_cemetery, mines2_david
Vaults:1: nicolae_vaults_twisting_passages, vaults_mumra_minichess,
          vaults_room_ringed_pool, v_misc_15, v_misc_23, v_misc_5, v_pattern_2,
          vaults_room_door_ring, grunt_vaults_hallway_short
Vaults:2: ontoclasm_vaults_fault, vaults_mumra_hex,
          ontoclasm_vaults_ring_square, serial_shops, shop
Vaults:3: minmay_crypt_entry_necro_gods, v_misc_26, ontoclasm_vaults_gateway,
          ontoclasm_vaults_ligature, v_alt_pattern_3, v_misc_25,
          v_alt_pattern_4, vaults_room_stairs_pillars, vaults_room_door_hall,
          nicolae_vaults_ninety_degrees, vaults_room_pools, uniq_sojobo
Vaults:4: hangedman_vaults_corner_blocks, vaults_dpeg_ring, vaults_dpeg_spiral,
          nicolae_vaults_network_periphery, hangedman_vaults_river_flow,
          ontoclasm_vaults_eye, vaults_room_pool, vaults_room_corners,
          grunt_vaults_bifocal, v_misc_19, nicolae_vaults_yaktaur_gun_rack,
          uniq_margery, uniq_saint_roka, uniq_mara
Depths:1: minmay_guarded_unrand_majin_bo, grunt_pan_entry_in_and_out,
          ebering_ghost_reflecting_pool,
          hangedman_abyss_or_decor_jellyfish_corner, hell_entry,
          statue_in_the_mist_lemuel, nicolae_lava_and_water,
          kennysheep_generic_room_7
Depths:2: radiant_caverns_b_rkd, hell_entry, serial_shops
Depths:3: minmay_the_grid_3x2, hell_entry, rand_demon_pan_entry_4, special_room,
          grunt_decor_fettered, fountainhead, water_maze_lemuel,
          infiniplex_staircase_spiral
Depths:4: hourglass_vault, kennysheep_doodads, mu_enter_wizlab_3,
          minmay_room_of_horrors, pan_entry, gammafunk_ghost_grave, hell_entry,
          lemuel_flamethrower_3, uniq_frederick, uniq_jory
Depths:5: grunt_crosshair, enter_ziggurat_a, grunt_pan_entry_zigzag, hell_entry,
          chequers_big_river, infiniplex_staircase_pool_lava
Zot:2:    basic_loot_grate_trap, hangedman_zot_gyre,
          hangedman_zot_diagonal_lockstep,
          chequers_guarded_unrand_mask_of_the_dragon
Zot:4:    grunt_ministairs_10, door_vault
Lab:      labyrinth_watery, nicolae_lab_big_swirl, nicolae_lab_stuck
IceCv:    ice_cave_caverns_02
WizLab:   wizlab_wucad

Skill      XL: |  1  2  3  4  5  6  7  8  9 10 11 12 13 14 15 16 17 18 19 20 21 22 23 24 25 26 27 |
---------------+----------------------------------------------------------------------------------+-----
Unarmed Combat | 4 5 7 8 9 10 12 13 14 15 16 17 18 19 20 25 | 25.7
Dodging        | 5 7 10 11 12 13 15 16 17 18 | 18.0
Fighting       | 4 5 6 8 10 11 12 14 16 17 18 20 24 | 24.0
Armour         | 5 6 7 9 10 11 12 13 14 15 16 17 18 | 18.0
Invocations    | 1 3 6 7 8 |  8.0
Evocations     | 1 3 4 5 10 | 10.0
Shields        | 8 10 11 14 16 17 18 | 18.0
Stealth        | |  2.1

Action                   |  1- 3 |  4- 6 |  7- 9 | 10-12 | 13-15 | 16-18 | 19-21 | 22-24 | 25-27 || total
-------------------------+-------+-------+-------+-------+-------+-------+-------+-------+-------++-------
Melee: Unarmed           |    96 |    68 |   413 |   437 |  1778 |  1531 |  1632 |  1179 |  2080 ||  9214
       Punch             |     1 |     1 |    17 |    22 |    36 |       |       |       |       ||    77
Throw: Throwing net      |       |       |       |       |       |       |       |       |     1 ||     1
Invok: Ancestor Life: He |       |       |     1 |       |       |       |       |       |       ||     1
       Recall Ancestor   |       |       |     1 |     7 |    29 |    11 |    12 |    10 |     6 ||    76
       Idealise          |       |       |       |     2 |     3 |     3 |     8 |     5 |     7 ||    28
       Transference      |       |       |       |       |     1 |       |       |       |       ||     1
Evoke: Wand              |       |       |     1 |    24 |     3 |     7 |     5 |     2 |     6 ||    48
       Lightning rod     |       |       |       |       |     4 |       |       |       |       ||     4
       Lamp of fire      |       |       |       |       |     1 |     3 |       |     1 |       ||     5
       Box of beasts     |       |       |       |       |       |     1 |       |       |       ||     1
  Use: Scroll            |     4 |     1 |     6 |     8 |    14 |    12 |     7 |    10 |    12 ||    74
       Potion            |       |       |       |     1 |     1 |     2 |     1 |     2 |     4 ||    11
 Stab: Sleeping          |     1 |       |     1 |       |       |     6 |       |       |       ||     8
       Confused          |       |       |     1 |     5 |    11 |    16 |    56 |    22 |    92 ||   203
       Distracted        |       |       |       |     5 |    15 |    10 |     5 |     6 |    29 ||    70
       Paralysed         |       |       |       |       |     8 |    45 |    75 |    18 |    52 ||   198
  Eat: Chunk             |     5 |    17 |    23 |    70 |   144 |   137 |   121 |    52 |    77 ||   646
       Ration            |       |       |       |       |     2 |       |       |     1 |     4 ||     7
Armor: Robe              |    21 |       |       |       |       |       |       |       |       ||    21
       Ring mail         |    26 |    13 |    73 |    26 |   401 |   294 |   130 |       |       ||   963
       Scale mail        |       |       |    74 |   116 |       |       |       |    53 |       ||   243
       Chain mail        |       |       |       |       |       |       |   184 |   135 |       ||   319
       Gold dragon scale |       |       |       |       |       |       |       |    17 |   406 ||   423
Dodge: Dodged            |    50 |    37 |   193 |   222 |   853 |   688 |   346 |   239 |   417 ||  3045
Block: Shield            |       |       |       |       |   675 |  1031 |    38 |       |       ||  1744
       Large shield      |       |       |       |       |       |   235 |  1428 |   970 |  1561 ||  4194
       Reflection        |       |       |       |       |       |     7 |    82 |    32 |    26 ||   147

Table legend:
 A = Non-vault XP
 B = Vault XP
 C = Vault XP percentage of total XP
 D = Non-vault monster count
 E = Vault monster count
 F = Vault count percentage of total count
                 A         B        C        D         E       F
            +---------+---------+-------+---------+---------+-------
      Total |  851943 |  563757 |  39.8 |    1552 |     609 |  28.2
            +---------+---------+-------+---------+---------+-------
        D:1 |      39 |       0 |   0.0 |      20 |       0 |   0.0
        D:2 |      67 |     498 |  88.1 |      27 |       3 |  10.0
        D:3 |      82 |      38 |  31.7 |      15 |      12 |  44.4
        D:4 |     454 |       0 |   0.0 |      28 |       0 |   0.0
        D:5 |     688 |       0 |   0.0 |      23 |       0 |   0.0
        D:6 |     497 |     577 |  53.7 |      12 |       4 |  25.0
        D:7 |    1418 |       0 |   0.0 |      24 |       0 |   0.0
        D:8 |     725 |       0 |   0.0 |      10 |       0 |   0.0
        D:9 |    2961 |    1542 |  34.2 |      31 |      11 |  26.2
       D:10 |    3123 |    2027 |  39.4 |      27 |      15 |  35.7
       D:11 |    2287 |       0 |   0.0 |      34 |       0 |   0.0
       D:12 |    7875 |       0 |   0.0 |      47 |       0 |   0.0
       D:13 |    4665 |    6401 |  57.8 |      20 |      20 |  50.0
       D:14 |    9886 |    1145 |  10.4 |      30 |       1 |   3.2
       D:15 |   16488 |    2284 |  12.2 |      40 |       3 |   7.0
     Lair:1 |    2108 |     477 |  18.5 |       9 |       2 |  18.2
     Lair:2 |    1997 |     934 |  31.9 |       9 |       1 |  10.0
     Lair:3 |    5081 |    3637 |  41.7 |      21 |      13 |  38.2
     Lair:4 |    5732 |    8376 |  59.4 |      22 |      13 |  37.1
     Lair:5 |    7351 |    2064 |  21.9 |      30 |       2 |   6.2
     Lair:6 |   23718 |    3306 |  12.2 |      57 |       6 |   9.5
    Swamp:1 |   10411 |       0 |   0.0 |      25 |       0 |   0.0
    Swamp:2 |    6875 |       0 |   0.0 |      20 |       0 |   0.0
    Swamp:3 |    9037 |       0 |   0.0 |      25 |       0 |   0.0
    Swamp:4 |   16655 |   20553 |  55.2 |      38 |      25 |  39.7
   Spider:1 |   17496 |       0 |   0.0 |      52 |       0 |   0.0
   Spider:2 |   18354 |       0 |   0.0 |      45 |       0 |   0.0
   Spider:3 |   21086 |     225 |   1.1 |      48 |       1 |   2.0
   Spider:4 |   12910 |   25041 |  66.0 |      40 |      36 |  47.4
    Slime:1 |   20150 |       0 |   0.0 |      40 |       0 |   0.0
    Slime:2 |   19342 |       0 |   0.0 |      31 |       0 |   0.0
    Slime:3 |    4611 |       0 |   0.0 |       9 |       0 |   0.0
    Slime:4 |   10277 |    1032 |   9.1 |      14 |       1 |   6.7
    Slime:5 |   21612 |   33588 |  60.8 |      38 |      14 |  26.9
      Orc:1 |    1297 |    1526 |  54.1 |      17 |      16 |  48.5
      Orc:2 |    5378 |   10020 |  65.1 |      31 |      46 |  59.7
   Vaults:1 |   28275 |   16499 |  36.8 |      55 |      26 |  32.1
   Vaults:2 |   34493 |    2900 |   7.8 |      66 |       8 |  10.8
   Vaults:3 |   33372 |   23727 |  41.6 |      57 |      22 |  27.8
   Vaults:4 |   43335 |   44484 |  50.7 |      63 |      48 |  43.2
   Depths:1 |   36051 |   22171 |  38.1 |      41 |      11 |  21.2
   Depths:2 |       0 |   54762 | 100.0 |       0 |      79 | 100.0
   Depths:3 |   11826 |   45779 |  79.5 |      16 |      33 |  67.3
   Depths:4 |   39217 |   29706 |  43.1 |      46 |      26 |  36.1
   Depths:5 |   36663 |   25716 |  41.2 |      42 |      17 |  28.8
      Zot:1 |   60182 |       0 |   0.0 |      29 |       0 |   0.0
      Zot:2 |   48289 |    1811 |   3.6 |      30 |       2 |   6.2
      Zot:3 |   59903 |       0 |   0.0 |      38 |       0 |   0.0
      Zot:4 |   73092 |    2777 |   3.7 |      35 |       1 |   2.8
      Zot:5 |   54512 |  152807 |  73.7 |      25 |      40 |  61.5
        Lab |       0 |    1223 | 100.0 |       0 |       1 | 100.0
      IceCv |       0 |   12876 | 100.0 |       0 |      49 | 100.0
     WizLab |       0 |    1228 | 100.0 |       0 |       1 | 100.0
            +---------+---------+-------+---------+---------+-------
